 Dungeon Crawl Stone Soup version 0.17-a0-1946-gfb768fe (webtiles) character file.

6656 shakdrar the Basher (level 11, -21/87 HPs)
             Began as a Formicid Fighter on Oct 1, 2015.
             Was an Elder of Makhleb.
             Killed from afar by Josephine (30 damage)
             ... with a ghostly fireball
             ... on level 10 of the Dungeon.
             The game lasted 00:29:31 (7447 turns).

shakdrar the Basher (Formicid Fighter)              Turns: 7447, Time: 00:29:31

Health: -21/87     AC: 24    Str: 25    XL:     11   Next: 22%
Magic:  13/13      EV:  8    Int: 17    God:    Makhleb [****..]
Gold:   533        SH: 14    Dex: 10    Spells: 0 memorised, 10 levels left

rFire  + . .     SeeInvis +     O - +0 dire flail
rCold  + . .     Clarity  .     y - +6 chain mail of Pantheism {Int+5 Stlth-}
rNeg   . . .     SustAt   .     c - +0 shield
rPois  +         Gourm    .     (helmet unavailable)
rElec  +         Spirit   .     t - +1 cloak
rCorr  +         Warding  .     (no gloves)
rMut   .         Stasis   +     o - +2 pair of boots
MR     +....                    (no amulet)
Stlth  ..........               z - ring of the Ego {+/*Tele Int+2}
                                k - +3 ring of strength

@: resistant, somewhat resistant to hostile enchantments, extremely unstealthy
A: permanent stasis, dig shafts and tunnels, four strong arms, antennae 3, large
bone plates 1
a: Dig, Shaft Self, Minor Destruction, Lesser Servant of Makhleb, Major
Destruction, Renounce Religion, Evoke Teleportation


You were on level 10 of the Dungeon.
You worshipped Makhleb.
Makhleb was greatly pleased with you.
You were hungry.

You visited 1 branch of the dungeon, and saw 10 of its levels.

You collected 533 gold pieces.

Inventory:

Hand weapons
 a - a +0 flail
 O - a +0 dire flail (weapon)
Armour
 c - a +0 shield (worn)
 o - a +2 pair of boots (worn)
 r - a +0 chain mail
 t - a +1 cloak (worn)
 y - the +6 chain mail of Pantheism (worn) {Int+5 Stlth-}
   (You found it on level 6 of the Dungeon)

   It affects your intelligence (+5).
   It makes you less stealthy.
Jewellery
 k - a +3 ring of strength (left hand)
 u - an uncursed ring of stealth
 z - the ring of the Ego (right hand) {+/*Tele Int+2}
   (You found it on level 8 of the Dungeon)

   [ring of teleportation]

   It may teleport you to nearby monsters, and can be evoked to randomly
   teleport.
   It affects your intelligence (+2).
 I - an uncursed ring of invisibility
Magical devices
 q - a wand of frost (26)
 x - a wand of fire (13)
 D - a wand of lightning (3)
 E - a wand of disintegration (16)
 F - a wand of slowing (6)
 G - a wand of magic darts (24)
 H - a wand of cold (7)
 J - a wand of frost (29)
Scrolls
 b - a scroll of fog
 h - 6 scrolls of remove curse
 P - a scroll of enchant armour
 Q - a scroll of identify
Potions
 d - a potion of might
 g - 7 potions of curing
 j - 3 potions of flight
 n - 2 potions of agility
 w - a potion of berserk rage
 A - a potion of cure mutation
 C - a potion of brilliance {unknown}
 L - a potion of ambrosia {unknown}
 M - a potion of degeneration {unknown}
Books
 p - a book of Conjurations

   Spells                             Type                      Level
   a - Magic Dart                     Conjuration                  1
   b - Searing Ray                    Conjuration                  2
   c - Dazzling Spray                 Conjuration/Hexes            3
   d - Fulminant Prism                Conjuration/Hexes            4
   e - Iskenderun's Mystic Blast      Conjuration                  4
   f - Iskenderun's Battlesphere      Conjuration/Charms           5
 B - a book of Beasts

   Spells                             Type                      Level
   a - Summon Butterflies             Summoning                    1
   b - Call Canine Familiar           Summoning                    3
   c - Summon Ice Beast               Ice/Summoning                4
   d - Summon Mana Viper              Hexes/Summoning              5
   e - Summon Hydra                   Summoning                    7
 N - a Fen Folio

   Spells                             Type                      Level
   a - Corpse Rot                     Necromancy                   2
   b - Stone Arrow                    Conjuration/Earth            3
   c - Leda's Liquefaction            Hexes/Earth                  4
   d - Summon Forest                  Summoning/Translocation      5
   e - Hydra Form                     Transmutation                6
   f - Summon Hydra                   Summoning                    7
Comestibles
 e - 4 bread rations
 f - 7 meat rations
 l - 3 royal jellies
 m - 10 fruits
 s - 3 beef jerkies


   Skills:
 + Level 8.7 Fighting
 * Level 10.5 Maces & Flails
 + Level 8.5 Armour
 + Level 9.4 Shields
 + Level 2.6 Invocations


You had 10 spell levels left.
You didn't know any spells.

Dungeon Overview and Level Annotations

Branches:
Dungeon (10/15)            Temple (0/1) D:6            Lair (0/8) D:8
    Orc: D:9-12

Altars:
Cheibriados
Elyvilon
Fedhas
Gozag
Kikubaaqudgha
Makhleb
Nemelex Xobeh
Okawaru
Ru
Sif Muna
Trog
Vehumet
Xom

Shops:
D:5 }

Annotations:
D:5 1 runed door
D:10 Josephine


Innate Abilities, Weirdness & Mutations

You are under a permanent stasis effect.
You can dig through walls and to a lower floor.
Your four strong arms can wield two-handed weapons with a shield.
You have a pair of large antennae on your head (SInv).
You are partially covered in large bone plates (AC +2, SH +2).


Message History

Josephine hits your ynoxinul with a dagger of electrocution.
Your ynoxinul misses Josephine.
You see here an arrow.
Josephine hits your ynoxinul with a dagger of electrocution!
Your ynoxinul hits Josephine.
Josephine hits your ynoxinul with a dagger of electrocution.
Your ynoxinul hits Josephine!
Josephine hits your ynoxinul but does no damage.
Your ynoxinul hits Josephine.
Use which ability?
You extend your mandibles.
You dig through the rock wall.
Something hits your ynoxinul.
You dig through the rock wall.
You retract your mandibles.
You start resting.
The ghostly flame explodes!
The ghostly fireball engulfs your ynoxinul.
Your ynoxinul partially resists.
The ghostly fireball engulfs you!
You die...

#.# #.# ... #.. ..... ###
#.........
#.........######
##########............#
.........#............#
.........#............#
........@#............###
.#####3##.######).......
##.{.{()))@o((...##
##########.####.# {.....
#.# ........#.#
..........#.#
..........#.#
#######......


You could see a friendly ynoxinul.

Vanquished Creatures
  An unseen horror (D:10)
  Psyche (D:8)
  A troll (D:9)
  A two-headed ogre (D:10)
  4 wraiths (D:10)
  8 yaks (D:9)
  A deep elf mage (D:10)
  A hungry ghost (D:9)
  2 hippogriffs
  A mottled dragon (D:9)
  3 black bears
  4 ogres
  2 orc warriors (D:9)
  An eye of draining (D:8)
  A necrophage (D:6)
  2 centaurs
  4 giant frogs
  A water moccasin zombie (D:5)
  4 scorpions
  A quasit (D:9)
  An orc priest (D:9)
  4 hounds
  3 giant frog skeletons
  4 iguanas
  2 jellies
  8 orc wizards
  4 centaur skeletons
  5 worker ants
  A hound zombie (D:10)
  A hound skeleton (D:8)
  8 adders
  3 shadow imps
  An adder skeleton (D:5)
  3 worms
  10 orcs
  9 bats
  6 giant cockroaches
  8 goblins
  8 hobgoblins
  12 jackals
  2 quokkas
  8 giant geckos
  6 giant newts
  4 kobolds
  A quokka skeleton (D:4)
  A quokka zombie (D:8)
  3 rats
170 creatures vanquished.

Vanquished Creatures (others)
  A worker ant (D:6)
1 creature vanquished.

Grand Total: 171 creatures vanquished

Notes
Turn   | Place    | Note
--------------------------------------------------------------
     0 | D:1      | shakdrar the Formicid Fighter began the quest for the Orb.
     0 | D:1      | Reached XP level 1. HP: 18/18 MP: 1/1
    88 | D:1      | Reached XP level 2. HP: 9/24 MP: 2/2
   558 | D:1      | Reached XP level 3. HP: 27/29 MP: 3/3
   731 | D:1      | You fall through a shaft!
  1065 | D:2      | Reached skill level 4 in Shields
  1065 | D:2      | Reached XP level 4. HP: 37/37 MP: 4/4
  1282 | D:2      | Found a burning altar of Makhleb.
  1291 | D:2      | Became a worshipper of Makhleb the Destroyer
  1806 | D:3      | Acquired Makhleb's first power
  1823 | D:3      | Reached XP level 5. HP: 40/42 MP: 5/5
  2340 | D:4      | Reached XP level 6. HP: 44/48 MP: 6/6
  2498 | D:4      | Found a snail-covered altar of Cheibriados.
  2515 | D:4      | Noticed an ogre
  2621 | D:4      | Killed an ogre
  2621 | D:4      | Reached skill level 5 in Shields
  2621 | D:4      | Reached XP level 7. HP: 37/55 MP: 7/7
  2776 | D:4      | Found a sparkling altar of Nemelex Xobeh.
  2871 | D:4      | Acquired Makhleb's second power
  2882 | D:4      | Found an iron altar of Okawaru.
  2883 | D:4      | Found a white marble altar of Elyvilon.
  3050 | D:5      | Entered Level 5 of the Dungeon
  3082 | D:5      | Found a white marble altar of Elyvilon.
  3082 | D:5      | Found a runed door.
  3082 | D:5      | Noticed an angel
  3179 | D:5      | Reached skill level 5 in Maces & Flails
  3470 | D:5      | Found Tared's Gadget Emporium.
  3503 | D:5      | Reached skill level 5 in Fighting
  3790 | D:5      | Reached skill level 5 in Armour
  3814 | D:5      | Reached XP level 8. HP: 59/62 MP: 8/8
  4189 | D:6      | Reached skill level 6 in Maces & Flails
  4339 | D:6      | Found a staircase to the Ecumenical Temple.
  4412 | D:6      | Got an ancient chain mail
  4423 | D:6      | Identified the +6 chain mail of Pantheism {Int+5 Stlth-} (You found it on level 6 of the Dungeon)
  4667 | D:7      | Gained mutation: You are partially covered in large bone plates (AC +2, SH +2). [potion of beneficial mutation]
  4983 | D:7      | Found an ancient bone altar of Kikubaaqudgha.
  4983 | D:7      | Found an opulent altar of Gozag.
  4987 | D:7      | Found a deep blue altar of Sif Muna.
  4987 | D:7      | Found a radiant altar of Vehumet.
  5222 | D:8      | Found a shimmering altar of Xom.
  5235 | D:8      | Found a sacrificial altar of Ru.
  5297 | D:8      | Reached skill level 7 in Maces & Flails
  5470 | D:8      | Found a staircase to the Lair.
  5504 | D:8      | Noticed a centaur skeleton
  5524 | D:8      | Killed a centaur skeleton
  5524 | D:8      | Reached XP level 9. HP: 65/70 MP: 9/9
  5544 | D:8      | Got a vibrating platinum ring
  5545 | D:8      | Identified the ring of the Ego {+/*Tele Int+2} (You found it on level 8 of the Dungeon)
  5762 | D:8      | Found a bloodstained altar of Trog.
  5794 | D:8      | Acquired Makhleb's third power
  5830 | D:8      | Noticed Psyche
  5845 | D:8      | Killed Psyche
  5845 | D:8      | Reached skill level 8 in Maces & Flails
  6000 | D:9      | Reached XP level 10. HP: 57/79 MP: 10/10
  6129 | D:9      | Reached skill level 9 in Maces & Flails
  6510 | D:9      | Acquired Makhleb's fourth power
  6626 | D:9      | Noticed a troll
  6631 | D:9      | Killed a troll
  6754 | D:9      | Reached skill level 10 in Maces & Flails
  6923 | D:9      | Found a blossoming altar of Fedhas.
  7052 | D:10     | Entered Level 10 of the Dungeon
  7164 | D:10     | Found a sacrificial altar of Ru.
  7219 | D:10     | Noticed an unseen horror
  7236 | D:10     | Killed an unseen horror
  7236 | D:10     | Reached skill level 1 in Invocations
  7236 | D:10     | Reached XP level 11. HP: 84/87 MP: 10/12
  7338 | D:10     | Noticed Josephine
  7447 | D:10     | Killed from afar by Josephine

Vault maps used:
D:1:      lemuel_arrival_lava_pool, minmay_fountain_box
D:2:      bloody_makhleb, first_bread
D:3:      kennysheep_generic_room_14
D:4:      nemelex_xobeh_ov_fountains_minmay, lemuel_doored_altar,
          gammafunk_temple_overflow_statue
D:5:      serial_shops, shop_statue, lemuel_angel_altar
D:6:      lemuel_ice_spiral_2, minmay_temple_entry_statues_pillars,
          lemuel_old_faithful
D:7:      grunt_temple_overflow_open
D:8:      trog_ov_bears_minmay, kennysheep_mini, lair_0_dummy, basic_altar,
          uniq_psyche
D:9:      lemuel_round_altar
D:10:     basic_altar, uniq_josephine

Action                   |  1- 3 |  4- 6 |  7- 9 | 10-12 || total
-------------------------+-------+-------+-------+-------++-------
Melee: Flail             |    80 |   209 |   330 |   157 ||   776
       Dire flail        |       |       |       |   162 ||   162
Invok: Lesser Servant of |       |       |       |     1 ||     1
 Abil: Dig               |       |     4 |     1 |     1 ||     6
  Use: Scroll            |       |    11 |    10 |       ||    21
       Potion            |       |     1 |     2 |     4 ||     7
 Stab: Invisible         |       |       |     1 |       ||     1
  Eat: Chunk             |     1 |     5 |    12 |     9 ||    27
